 Dungeon Crawl Stone Soup version 0.28-a0-1415-g7c84da036a (webtiles) character file.

Game seed: 10565888532152642030

1266 snetch the Magician (level 8, -5/51 HPs)
             Began as a Djinni Fire Elementalist on Jan 7, 2022.
             Was an Elder of Fedhas.
             Slain by Duvessa (12 damage)
             ... on level 6 of the Dungeon.
             The game lasted 00:17:39 (6072 turns).

snetch the Magician (Djinni Fire Elementalist)      Turns: 6072, Time: 00:17:41

Health: -5/51      AC:  7    Str: 13    XL:     8   Next: 82%
Gold:   175        EV: 11    Int: 20    God:    Fedhas [****..] SH:  0 Dex: 13

rFire   + + .      SeeInvis .   E - +2 whip (elec)
rCold   x . .      Faith    .   (no shield)
rNeg    + + +      Spirit   .   L - +2 ring mail of the Ten Realms {Contam rN+++}
rPois   ∞          Reflect  .   (no helmet)
rElec   .          Harm     .   (no cloak)
rCorr   .          Rampage  .   (no gloves)
Will    .....                   (boots unavailable)
Stlth   +.........              (no amulet)
HPRegen 0.17/turn               f - +6 ring of strength
MPRegen 0.00/turn               s - ring of wizardry

@: flying
A: sickness immunity, fire resistance 2, cold vulnerability 1, float, innate
caster, hp casting, extra vitality 1
a: Renounce Religion, Wall of Briars, Grow Ballistomycete, Overgrow


You were on level 6 of the Dungeon.
You worshipped Fedhas.
Fedhas was greatly pleased with you.
You visited 1 branch of the dungeon, and saw 6 of its levels.

You collected 175 gold pieces.

Inventory:

Hand Weapons
 a - a +0 morningstar
 g - a +1 vampiric scythe
 m - a +0 mace of holy wrath
 t - a +2 war axe of venom
 A - a +0 quarterstaff
 E - a +2 whip of electrocution (weapon)
 H - a +1 trident of distortion
Missiles
 c - 84 stones
 q - 10 datura-tipped darts
 v - 3 boomerangs
 B - 7 poisoned darts
 D - a throwing net
 G - 25 arrows
Armour
 e - the +9 plate armour of Weirdness {+Inv rPois Int+2}
   (You found it on level 2 of the Dungeon)

   Int:       It affects your intelligence (+2).
   rPois:     It protects you from poison.
   +Inv:      It lets you turn invisible.
 n - a +0 ring mail
 o - a +2 robe of cold resistance
 u - a +0 scale mail
 y - a +0 chain mail
 L - the +2 ring mail of the Ten Realms (worn) {Contam rN+++}
   (You took it off Ijyb on level 5 of the Dungeon)

   rN:        It renders you almost immune to negative energy.
   Contam:    It causes magical contamination when unequipped.
Magical Staves
 d - a staff of poison
Jewellery
 f - a +6 ring of strength (left hand)
 s - a ring of wizardry (right hand)
Wands
 F - a wand of flame (10)
 K - a wand of iceblast (11)
Scrolls
 b - 5 scrolls of identify {unknown}
 h - 3 scrolls of enchant weapon {unknown}
 j - a scroll of teleportation {unknown}
 k - a scroll of fear {unknown}
 r - a scroll of noise {unknown}
 x - a scroll of vulnerability {unknown}
 z - 2 scrolls of fog {unknown}
Potions
 i - 2 potions of haste {unknown}
 l - a potion of attraction {unknown}
 p - a potion of degeneration {unknown}
 w - a potion of heal wounds {unknown}
 C - a potion of flight {unknown}
 I - a potion of brilliance {unknown}
 J - a potion of lignification {unknown}
 M - a potion of might {unknown}


   Skills:
 + Level 0.8 Fighting
 + Level 3.0 Armour
 + Level 3.3 Dodging
 + Level 2.8 Stealth
 + Level 7.1 Spellcasting


You had 2 spell levels left.
You knew the following spells:

 Your Spells              Type           Power      Damage    Failure   Level
a - Foxfire               Conj/Fire      100%       2x1d9     1%          1
b - Scorch                Fire           70%        2d8       1%          2
c - Conjure Flame         Conj/Fire      35%        6-21      1%          3
d - Inner Flame           Hex/Fire       35%        N/A       1%          3
e - Flame Wave            Conj/Fire      35%        2d7       4%          4
f - Apportation           Tloc           70%        N/A       1%          1
g - Poisonous Vapours     Pois/Air       70%        N/A       1%          2
h - Swiftness             Air            35%        N/A       1%          3
Your spell library was empty.

Dungeon Overview and Level Annotations

Branches:
Dungeon (6/15)
 Temple: D:4-7

Altars:
Ashenzari
Fedhas
Hepliaklqana
Kikubaaqudgha
Nemelex Xobeh
Qazlal
Sif Muna
Uskayaw
Wu Jian
Yredelemnul
The Shining One

Annotations:
D:6 Duvessa


Innate Abilities, Weirdness & Mutations

You are immune to sickness and miasma.
You are immune to poison.
Your flesh is very heat resistant. (rF++)
You are vulnerable to cold. (rC-)
You float through the air rather than walking.
You learn spells naturally, not from books.
Your magical power is your life essence.
You have superior vitality. (+4 MHP)


Message History

(Press . to intensify the flame waves.) Duvessa hits you with a +0 short sword.
Duvessa hits you but does no damage.
A wave of flame ripples out!
The flame wave engulfs Dowan!
Dowan is heavily wounded.
The flame wave engulfs Duvessa!
Duvessa is almost dead.
You hear an angry hiss.
A gnoll comes into view. It is wielding a +0 whip.
Duvessa hits you with a +0 short sword. Dowan hits you with a +0 dagger.
A wave of flame ripples out!
The flame wave engulfs Dowan!
Dowan is almost dead.
The flame wave engulfs Duvessa.
Duvessa is almost dead.
You finish channelling waves of flame.
Duvessa barely misses you. Duvessa hits you with a +0 short sword.
* * * LOW HITPOINT WARNING * * *
Dowan barely misses you.
Casting: Flame Wave (dangerous; 4% risk of failure)
Confirm with . or Enter, or press ? or * to list all spells.
Casting: Flame Wave (dangerous; 4% risk of failure)
Press: ? - help, Dir - look around, f - activate A wave of flame ripples out!
The flame wave engulfs Dowan.
You kill Dowan!
Fedhas appreciates your contribution to the ecosystem.
Duvessa weeps, and shakes her weapon.
Duvessa goes berserk!
The flame wave engulfs Duvessa but does no damage.
Duvessa is almost dead. (Press . to intensify the flame waves.)
* * * LOW HITPOINT WARNING * * *
You hear an angry hiss.
Duvessa hits you with a +0 short sword.
* * * LOW HITPOINT WARNING * * *
A wave of flame ripples out!
The flame wave engulfs Duvessa.
Duvessa is almost dead.
* * * LOW HITPOINT WARNING * * *
You hear an angry hiss.
Duvessa hits you with a +0 short sword!
You die...
Fedhas appreciates your contribution to the ecosystem.

#. ##.###
+.g..#
#.)..#
....# .
#.).#
....##<).#
....).e@.#
.........#
.........+
.........#
.........#
....##...#
.... ##+##
...


You could see Duvessa (berserk, fast) and a gnoll.

Vanquished Creatures
  Grinder (D:5)
  Sigmund (D:4)
  Menkaure (D:5)
  A water moccasin (D:5)
  An ogre (D:4)
  A gnoll sergeant (D:5)
  Dowan (D:6)
  3 hounds
  A gnoll shaman (D:4)
  A centaur skeleton (D:4)
  Ijyb (D:5)
  Terence (D:2)
  A killer bee zombie (D:5)
  A howler monkey zombie (D:6)
  11 gnolls
  6 adders
  A shadow imp (D:5)
  An ufetubus (D:4)
  3 dart slugs
  2 worms
  15 orcs
  5 ball pythons
  6 bats
  7 endoplasms
  4 giant cockroaches
  6 hobgoblins
  5 quokkas
  4 frilled lizards
  8 goblins
  3 kobolds (D:3)
  3 rats
106 creatures vanquished.

Vanquished Creatures (others)
  202 foxfires
202 creatures vanquished.

Grand Total: 308 creatures vanquished

Notes
Turn   | Place    | Note
-------+----------+-------------------------------------------
     0 | D:1      | snetch the Djinni Fire Elementalist began the quest for the
                  | Orb.
     0 | D:1      | Reached XP level 1. HP: 15/15 MP: 0/0
   101 | D:2      | Found a faded altar of an unknown god.
   105 | D:2      | Prayed at the altar of an unknown god.
   105 | D:2      | Became a worshipper of Fedhas Madash
   105 | D:2      | Reached * piety under Fedhas
   174 | D:2      | Reached XP level 2. HP: 10/21 MP: 0/0
   186 | D:2      | Identified the +9 plate armour of Weirdness {+Inv rPois
                  | Int+2}
   383 | D:1      | Reached skill level 3 in Spellcasting
   486 | D:1      | Reached XP level 3. HP: 23/25 MP: 0/0
   486 | D:1      | Learned a level 1 spell: Apportation
   945 | D:1      | Reached ** piety under Fedhas
  1306 | D:2      | Reached XP level 4. HP: 23/31 MP: 0/0
  1461 | D:2      | Reached skill level 1 in Armour
  1843 | D:3      | Noticed Terence
  1885 | D:2      | Killed Terence
  1894 | D:2      | Reached XP level 5. HP: 4/35 MP: 0/0
  1894 | D:2      | Learned a level 2 spell: Poisonous Vapours
  2714 | D:3      | Reached *** piety under Fedhas
  2866 | D:3      | Found a sparkling altar of Nemelex Xobeh.
  3202 | D:3      | Found a stormy altar of Qazlal.
  3712 | D:4      | Found a glowing golden altar of the Shining One.
  3721 | D:4      | Noticed an ogre
  3759 | D:4      | Killed an ogre
  3760 | D:4      | Reached skill level 4 in Spellcasting
  3760 | D:4      | Reached XP level 6. HP: 10/41 MP: 0/0
  4018 | D:4      | Noticed Sigmund
  4029 | D:4      | Killed Sigmund
  4030 | D:4      | Reached XP level 7. HP: 37/46 MP: 0/0
  4030 | D:4      | Learned a level 3 spell: Swiftness
  4187 | D:5      | Entered Level 5 of the Dungeon
  4206 | D:5      | Reached skill level 5 in Spellcasting
  4397 | D:4      | Found a broken altar of Ashenzari.
  4947 | D:4      | Found a hide-covered altar of Uskayaw.
  4989 | D:4      | Found a basalt altar of Yredelemnul.
  4991 | D:4      | Found a hazy altar of Hepliaklqana.
  4991 | D:4      | Found an ornate altar of the Wu Jian Council.
  5125 | D:4      | Reached **** piety under Fedhas
  5184 | D:5      | Noticed a water moccasin
  5191 | D:5      | Killed a water moccasin
  5213 | D:5      | Reached XP level 8. HP: 41/51 MP: 0/0
  5223 | D:5      | Reached skill level 6 in Spellcasting
  5422 | D:5      | Noticed Menkaure
  5425 | D:5      | Killed Menkaure
  5426 | D:5      | Identified the +2 ring mail of the Ten Realms {Contam
                  | rN+++}
  5426 | D:5      | Noticed Ijyb
  5436 | D:5      | Killed Ijyb
  5996 | D:5      | Noticed Grinder
  6002 | D:5      | Killed Grinder
  6063 | D:6      | Noticed Duvessa
  6064 | D:6      | Reached skill level 7 in Spellcasting
  6064 | D:6      | Noticed Dowan
  6071 | D:6      | Killed Dowan
  6072 | D:6      | Slain by Duvessa

Illustrated notes

Levels and vault maps discovered:
D:1:      minmay_arrival_wavy_path, layout_rooms, grunt_decor_cap
D:2:      wander_river, layout_basic, ebering_ecumenical_altar_mist,
          minmay_cut_off
D:3:      layout_rooms, nicolae_qazlal_scattered_showers,
          nicolae_sif_muna_condensation, nemelex_dance_club_becter, uniq_terence
D:4:      layout_loops_ring, eat_drink_and_be_merry_uskayaw,
          nicolae_tso_carved_into_rock, nicolae_overflow_crystal_walls,
          mainiacjoe_overflow_alcove_3, uniq_sigmund
D:5:      layout_loops_cross, uniq_ijyb, uniq_menkaure, uniq_blork_the_orc,
          uniq_grinder
D:6:      layout_gridville, slow_altar_2, uniq_duvessa

Skill      XL: |  1  2  3  4  5  6  7  8 |
---------------+-------------------------+-----
Spellcasting   | 3 4 5 7 |  7.1
Stealth        | 2 |  2.8
Armour         | 1 2 3 |  3.0
Dodging        | 3 |  3.3
Fighting       | |  0.8

Action                   |  1- 3 |  4- 6 |  7- 9 || total
-------------------------+-------+-------+-------++-------
Melee: Staff             |       |     8 |     3 ||    11
       Whip              |       |       |     3 ||     3
 Cast: Foxfire           |    51 |    53 |    19 ||   123
       Scorch            |     7 |    19 |    60 ||    86
       Poisonous Vapours |       |    19 |     1 ||    20
       Flame Wave        |       |       |     3 ||     3
 Stab: Sleeping          |       |     1 |       ||     1
Armor: Leather armour    |     2 |     7 |       ||     9
       Ring mail         |       |     7 |     4 ||    11
       Robe              |       |       |     2 ||     2
Dodge: Dodged            |    15 |    34 |    14 ||    63

Table legend: (Time is in decaauts)
 A = Elapsed time spent in this place.
 B = Non-inter-level travel time spent in this place.
 C = Inter-level travel time spent in this place.
 D = Time resting spent in this place.
 E = Time spent auto-exploring this place.
 F = Levels seen in this place.
 G = Mean time per level.
                   A        B        C        D        E       F      G
               +--------+--------+--------+--------+--------+-----+--------+
         Total |   6085 |   5871 |    214 |    463 |   4296 |   6 | 1014.2 |
       Dungeon |   6085 |   5871 |    214 |    463 |   4296 |   6 | 1014.2 |
               +--------+--------+--------+--------+--------+-----+--------+

Top non-repeatable levels by time:
     D:4: 1837 daAuts
     D:2: 1200 daAuts
     D:1: 1165 daAuts
     D:3: 1114 daAuts
     D:5: 751 daAuts
     D:6: 15 daAuts
